 Dungeon Crawl Stone Soup version 0.31-a0-441-g867994ef1c (webtiles) character file.

Game seed: 7970256973826660754

1334 CraigForest the Ruffian (level 8, -3/8 HPs)
             Began as a Formicid Fighter on Aug 2, 2023.
             Slain by an iguana (11 damage)
             ... on level 6 of the Dungeon.
             The game lasted 00:21:19 (3756 turns).

CraigForest the Ruffian (Formicid Fighter)          Turns: 3756, Time: 00:21:19

Health: -3/8       AC: 12    Str: 33    XL:     8   Next: 92%
Magic:  8/8        EV:  9    Int:  8    God:
Gold:   317        SH:  0    Dex: 13    Spells: 7/7 levels left

rFire   + + .        n - melded +3 flail "Bimeirch" {freeze, rF++ Str+3 Int-3 SInv}
rCold   x . .        c - melded +0 buckler
rNeg    . . .        q - melded +2 leather armour {rF+}
rPois   +            (helmet unavailable)
rElec   .            (cloak currently unavailable)
rCorr   .            (gloves currently unavailable)
SInv    .            (boots currently unavailable)
Will    .....        (no amulet)
Stlth   +++          (no ring)
HPRegen 0.21/turn    (no ring)
MPRegen 0.11/turn

%: no passive effects
@: dragon-form, flying
A: dragon claw, dragon scales, breathe fire, flying, reduced hp, permanent
stasis, dig shafts and tunnels, giant, (antennae 3), four strong arms
a: Breathe Fire, Begin Untransformation


You were on level 6 of the Dungeon.
You were a fearsome dragon!
You visited 1 branch of the dungeon, and saw 6 of its levels.

You collected 413 gold pieces.
You spent 96 gold pieces at shops.

Inventory:

Hand Weapons
 a - a +0 vampiric trident
 i - a +3 dagger of venom
 l - a +0 morningstar of protection
 n - the +3 flail "Bimeirch" (melded) {freeze, rF++ Str+3 Int-3 SInv}
   (You found it on level 3 of the Dungeon)

   Str:       It affects your strength (+3).
   Int:       It affects your intelligence (-3).
   rF:        It greatly protects you from fire.
   SInv:      It lets you see invisible.
Missiles
 j - a throwing net
 r - 7 poisoned darts
Armour
 b - a +0 scale mail
 c - a +0 buckler (melded)
 q - a +2 leather armour of fire resistance (melded)
 C - a +0 helmet
Magical Staves
 B - a staff of earth
Jewellery
 x - a ring of fire
 A - an amulet of faith
Talismans
 e - a dragon-blood talisman (active)
Wands
 p - a wand of roots (20)
 t - a wand of paralysis (5)
Scrolls
 g - a scroll of brand weapon
 s - 4 scrolls of identify
 u - 2 scrolls of enchant weapon {unknown}
 v - a scroll of amnesia {unknown}
 y - a scroll of fog {unknown}
Potions
 d - a potion of might
 f - a potion of lignification {unknown}
 h - a potion of curing
 k - 5 potions of enlightenment
 m - 2 potions of ambrosia
 o - a potion of brilliance {unknown}
 w - 2 potions of haste {unknown}
 z - a potion of degeneration {unknown}
 D - a potion of attraction {unknown}


   Skills:
 - Level 3.2 Fighting
 - Level 0.2 Long Blades
 - Level 2.0 Polearms
 - Level 3.2 Armour
 + Level 4.6 Dodging
 - Level 4.1 Stealth
 - Level 4.0 Shields
 + Level 5.6 Unarmed Combat
 + Level 0.1 Air Magic
 + Level 0.2 Earth Magic
 * Level 4.8 Shapeshifting


You had 7 spell levels left.
You didn't know any spells.
Your spell library contained the following spells:

 Spells                   Type           Power      Damage    Failure   Level
 Magic Dart               Conj           0%         1d3       41%         1
 Ozocubu's Armour         Ice            0%         N/A       78%         3
 Conjure Ball Lightning   Conj/Air       0%         3x3d6     100%        6
 Ozocubu's Refrigeration  Ice            0%         4d7       100%        7
 Chain Lightning          Conj/Air       0%         N/A       100%        9


Dungeon Overview and Level Annotations

Branches:
Dungeon (6/15)
 Temple: D:4-7

Altars:
Ashenzari
Nemelex Xobeh
Qazlal
Uskayaw

Shops:
D:4 [!:   D:5 [


Innate Abilities, Weirdness & Mutations

You are a fearsome dragon!
You have a powerful clawing attack.
Your giant scaled body is strong and resiliant, but less evasive.
You can breathe fire.
You are flying.
Your maximum health is decreased, since you lack skill for your form.
Your armour is entirely melded.
You are incapable of wielding weapons or throwing items.
You cannot be hasted, slowed, berserked, paralysed or teleported.
You can dig through walls and to a lower floor.
((You have a pair of large antennae on your head. (SInv)))
Your four strong arms can wield two-handed weapons with a shield.


Message History

You see here a staff of earth.
B - a staff of earth
There is a large open door here.
Found a stone staircase leading up.
k - 4 potions of enlightenment (gained 1)
Found a stone staircase leading up.
Found a helmet.
Found 5 stones.
Found a potion of enlightenment.
You see here a +0 helmet.
C - a +0 helmet
Found an emerald potion.
k - 5 potions of enlightenment (gained 1)
D - an emerald potion You reach down and open the door.
Found a stormy altar of Qazlal and a sparkling altar of Nemelex Xobeh.
An orc comes into view. It is wielding a +0 short sword.
There is an open door here.
Found 14 gold pieces.
There is a fountain of clear blue water here.
An ice beast and an iguana come into view.
Found 13 gold pieces.
The orc cheers loudly.
There is a fountain of clear blue water here.
You reach down and open the door.
There is an open door here.
An iguana is nearby!
The iguana hisses angrily.
The orc hits you but does no damage.
You closely miss the ice beast. You tail-slap the ice beast.
The ice beast is lightly wounded.
The orc hits you but does no damage.
The ice beast hits you but does no damage.
The iguana barely misses you.
You bite the ice beast!! Your bite misses the ice beast.
The ice beast is severely wounded.
The orc hits you but does no damage. The ice beast closely misses you.
The iguana bites you!
Ouch! That really hurt!
You die...

#.#........#...........
#.'⌠......⌠'...........
#.#.._.._..#..#........
##.#⌠......⌠#.###.......
#..##########.##........
#..###$$$$###...........
#..##......##...........
#...##o...##............
#....#8DY8#.............
#.......l...............
#.......................
########.....#..........
#....#..........
#...#..........
#..............
#.............
#............


You could see an ice beast, an iguana and an orc.

Vanquished Creatures
  The ghost of cforsyth the Charlatan, an amateur GnAr (D:4)
  4 black bears
  An ice beast (D:4)
  A centaur (D:6)
  A phantom (D:4)
  2 scorpions
  A hound (D:6)
  2 jellies
  2 orc priests
  An iguana (D:5)
  Ijyb (D:3)
  2 orc wizards (D:6)
  A scorpion simulacrum (D:4)
  3 adders
  2 hound simulacra (D:4)
  A white imp (D:4)
  A howler monkey simulacrum (D:4)
  A worm (D:5)
  4 dart slugs
  3 adder simulacra (D:4)
  8 orcs
  2 bats
  8 endoplasms
  2 giant cockroaches
  4 goblins
  5 hobgoblins
  2 jackals (D:2)
  13 kobolds
  2 quokkas (D:3)
  7 ball pythons
  3 frilled lizards
  4 rats
95 creatures vanquished.

Notes
Turn   | Place    | Note
-------+----------+-------------------------------------------
     0 | D:1      | CraigForest the Formicid Fighter began the quest for the
                  | Orb.
     0 | D:1      | Reached XP level 1. HP: 18/18 MP: 1/1
   128 | D:1      | Reached XP level 2. HP: 24/24 MP: 2/2
   272 | D:1      | Reached skill level 1 in Shapeshifting
   347 | D:1      | Reached skill level 1 in Unarmed Combat
   517 | D:1      | Reached XP level 3. HP: 29/29 MP: 3/3
   760 | D:2      | Found a hide-covered altar of Uskayaw.
  1127 | D:2      | Reached skill level 2 in Unarmed Combat
  1492 | D:3      | Identified the +3 flail "Bimeirch" {freeze, rF++ Str+3
                  | Int-3 SInv}
  1501 | D:3      | Reached XP level 4. HP: 35/35 MP: 4/4
  1576 | D:3      | Noticed Ijyb
  1589 | D:3      | Killed Ijyb
  1958 | D:4      | Reached XP level 5. HP: 20/41 MP: 5/5
  2049 | D:4      | Reached skill level 3 in Unarmed Combat
  2059 | D:4      | Found Popeschum's Antique Armour Shoppe.
  2108 | D:4      | Noticed a phantom
  2111 | D:4      | Found a runed translucent gate.
  2111 | D:4      | Found a runed translucent gate.
  2111 | D:4      | Found a runed translucent gate.
  2121 | D:4      | Killed a phantom
  2122 | D:4      | Reached skill level 1 in Dodging
  2122 | D:4      | Reached skill level 1 in Stealth
  2122 | D:4      | Reached XP level 6. HP: 39/47 MP: 6/6
  2148 | D:4      | Noticed an ice beast
  2149 | D:4      | Noticed cforsyth's ghost (amateur GnAr)
  2200 | D:4      | Found Unaeddud's Book Shoppe.
  2225 | D:4      | Found Kautocw's Distillery.
  2230 | D:4      | Bought a potion of curing for 36 gold pieces
  2230 | D:4      | Bought a potion of heal wounds for 60 gold pieces
  2494 | D:4      | Killed an ice beast
  2495 | D:4      | Reached XP level 7. HP: 29/52 MP: 7/7
  2498 | D:4      | Killed cforsyth's ghost
  2499 | D:4      | Reached skill level 4 in Unarmed Combat
  2530 | D:4      | Got the Tractate on the Fifth Circle
  2641 | D:5      | Entered Level 5 of the Dungeon
  2689 | D:5      | Found Woixed's Antique Armour Emporium.
  2714 | D:5      | Reached XP level 8. HP: 8/58 MP: 8/8
  2833 | D:5      | Found a broken altar of Ashenzari.
  3148 | D:5      | Reached skill level 5 in Unarmed Combat
  3727 | D:6      | Found a stormy altar of Qazlal.
  3727 | D:6      | Found a sparkling altar of Nemelex Xobeh.
  3756 | D:6      | Slain by an iguana

Illustrated notes

Levels and vault maps discovered:
D:1:      eino_arrival_druids_welcome, layout_basic, minmay_misc_feat_roman
D:2:      layout_basic, basic_altar, minmay_misc_feat_tiny, minmay_pentomino_t2
D:3:      layout_rooms, minmay_vboxes, uniq_ijyb
D:4:      layout_rooms, gammafunk_ghost_icy, serial_shops, shop, shop,
          shop_statue
D:5:      layout_basic, ashenzari_altar_1, serial_shops, shop
D:6:      layout_cave_pools, jmf_multi_god_temple, st_stairs_14,
          kennysheep_generic_room_6

Skill      XL: |  1  2  3  4  5  6  7  8 |
---------------+-------------------------+-----
Shapeshifting  | 1 2 3 4 |  4.8
Unarmed Combat | 1 2 3 4 5 |  5.6
Dodging        | 1 2 3 4 |  4.6
Stealth        | 1 2 4 |  4.1
Fighting       | |  3.2
Long Blades    | |  0.2
Polearms       | |  2.0
Armour         | |  3.2
Shields        | |  4.0
Air Magic      | |  0.1
Earth Magic    | |  0.2

Action                     |  1- 3 |  4- 6 |  7- 9 || total
---------------------------+-------+-------+-------++-------
  Melee: Trident           |   113 |       |       ||   113
         Flail             |     5 |    77 |    16 ||    98
         Unarmed           |       |       |    38 ||    38
         Tailslap          |       |       |     4 ||     4
         Bite              |       |       |     3 ||     3
         Punch             |       |       |     2 ||     2
Ability: Breathe Fire      |       |       |     5 ||     5
    Use: Scroll            |     4 |     3 |     2 ||     9
         Potion            |       |     2 |     1 ||     3
   Stab: Sleeping          |       |     1 |     3 ||     4
 Armour: Scale mail        |    45 |     1 |       ||    46
         Leather armour    |       |    18 |     6 ||    24
         Skin              |       |       |    22 ||    22
  Dodge: Dodged            |    37 |    38 |    20 ||    95
  Block: Buckler           |    17 |    19 |     4 ||    40
   Form: Dragon            |       |       |     1 ||     1

Table legend: (Time is in decaauts)
 A = Elapsed time spent in this place.
 B = Non-inter-level travel time spent in this place.
 C = Inter-level travel time spent in this place.
 D = Time resting spent in this place.
 E = Time spent auto-exploring this place.
 F = Levels seen in this place.
 G = Mean time per level.
                   A        B        C        D        E       F      G
               +--------+--------+--------+--------+--------+-----+--------+
         Total |   3818 |   3732 |     86 |    136 |   2437 |   6 |  636.3 |
       Dungeon |   3818 |   3732 |     86 |    136 |   2437 |   6 |  636.3 |
               +--------+--------+--------+--------+--------+-----+--------+

Top non-repeatable levels by time:
     D:5: 744 daAuts
     D:1: 743 daAuts
     D:4: 716 daAuts
     D:2: 668 daAuts
     D:3: 579 daAuts
     D:6: 366 daAuts
